 Dungeon Crawl Stone Soup version 0.27.1-33-g824d729ab1 (webtiles) character file.

Game seed: 6555382283836800060

3349 Cykl0x the Shield-Bearer (level 10, -8/61 HPs)
             Began as a Gargoyle Fighter on Nov 26, 2021.
             Was a Believer of the Shining One.
             Killed by the air
             ... invoked by Gastronok
              (22 damage)
             ... on level 8 of the Dungeon.
             The game lasted 00:14:52 (7860 turns).

Cykl0x the Shield-Bearer (Gargoyle Fighter)         Turns: 7860, Time: 00:14:52

Health: -8/61      AC: 18    Str: 23    XL:     10   Next: 2%
Magic:  12/14      EV:  5    Int:  9    God:    the Shining One [**....]
Gold:   766        SH: 25    Dex:  9    Spells: 9/9 levels left

rFire    . . .     SeeInvis .   a - +1 long sword
rCold    . . .     Faith    .   m - +1 tower shield
rNeg     + + .     Spirit   .   o - +0 chain mail
rPois    ∞         Reflect  .   i - +0 helmet
rElec    +         Harm     .   (no cloak)
rCorr    .         Rampage  .   (no gloves)
Will     .....                  (no boots)
Stlth    ..........             (no amulet)
HPRegen  0.20/turn              (no ring)
MPRegen  0.14/turn              (no ring)

@: divinely shielded, slowed, glowing, studying Throwing, very slow
A: sickness immunity, AC +7, negative energy resistance 1, electricity
resistance, torment resistance 1, petrification resistance
a: Renounce Religion, Divine Shield


You were on level 8 of the Dungeon.
You worshipped the Shining One.
The Shining One was pleased with you.
You visited 2 branches of the dungeon, and saw 9 of its levels.

You collected 844 gold pieces.
You donated 78 gold pieces to Zin.

Inventory:

Hand Weapons
 a - a +1 long sword (weapon)
 c - a +2 dagger of venom
 s - a +4 dagger
Missiles
 f - 10 boomerangs
 g - 202 stones
 q - 19 poisoned darts (quivered)
 B - 4 datura-tipped darts
Armour
 b - a +0 scale mail
 i - a +0 helmet (worn)
 m - a +1 tower shield (worn)
 o - a +0 chain mail (worn)
Wands
 d - a wand of iceblast (6)
 j - a wand of acid (4)
 k - a wand of flame (21)
 z - a wand of mindburst (12)
Scrolls
 h - 2 scrolls of teleportation
 l - 2 scrolls of brand weapon
 n - a scroll of silence
 r - 2 scrolls of blinking
 t - 2 scrolls of enchant armour
 w - a scroll of identify
 y - a scroll of enchant weapon
 A - a scroll of fear
Potions
 e - a potion of brilliance
 p - a potion of resistance
 v - 5 potions of lignification
 x - 2 potions of flight
 C - a potion of haste {unknown}
 D - 2 potions of degeneration {unknown}


   Skills:
 * Level 6.7 Fighting
 + Level 5.3 Long Blades
 + Level 5.4 Throwing
 + Level 5.5 Armour
 * Level 4.3 Dodging
 + Level 7.3 Shields
 * Level 5.6 Invocations


You had 9 spell levels left.
You didn't know any spells.
Your spell library contained the following spells:

 Spells                   Type           Power      Damage    Failure   Level
 Sandblast                Erth           0%         2d4       100%        1
 Corpse Rot               Necr/Air       N/A        N/A       100%        2
 Ensorcelled Hibernation  Hex/Ice        0%         N/A       100%        2
 Passwall                 Tmut/Erth      0%         N/A       100%        2
 Poisonous Vapours        Pois/Air       0%         N/A       100%        2
 Spider Form              Tmut/Pois      0%         N/A       100%        3
 Freezing Cloud           Conj/Ice/Air   0%         6-21      100%        5
 Lee's Rapid Deconstruct  Erth           0%         3d5*      100%        5
 Summon Forest            Summ/Tloc      0%         N/A       100%        5
 Summon Mana Viper        Hex/Summ       0%         N/A       100%        5
 Dispersal                Tloc           0%         N/A       100%        6
 Shadow Creatures         Summ           N/A        N/A       100%        6
 Disjunction              Tloc           0%         N/A       100%        8


Dungeon Overview and Level Annotations

Branches:
Dungeon (8/15)             Temple (1/1) D:7
   Lair: D:8-11

Altars:
Ashenzari
Cheibriados
Elyvilon
Fedhas
Gozag
Hepliaklqana
Kikubaaqudgha
Makhleb
Nemelex Xobeh
Okawaru
Qazlal
Ru
Sif Muna
Trog
Uskayaw
Vehumet
Wu Jian
Yredelemnul
Zin
The Shining One

Annotations:
D:8 Gastronok


Innate Abilities, Weirdness & Mutations

You are immune to sickness and miasma.
Your stone body is resilient. (AC +7)
You are immune to poison.
You resist negative energy. (rN+)
You are resistant to electric shocks. (rElec)
You are resistant to unholy torment.
You are immune to petrification.


Message History

You block Gastronok's attack.
You feel better.
You block the centaur zombie's attack. x2
The centaur zombie hits you but does no damage.
You block the centaur zombie's attack.
Your shield is strengthened by the Shining One's divine power.
You block the centaur zombie's attack. x3
The centaur zombie kicks you but does no damage.
Gastronok waves his eye-stalks in wide circles.
The air twists around and strikes you!
You slash Gastronok!
Gastronok is heavily wounded.
You block the centaur zombie's attack. x2
The centaur zombie hits you but does no damage.
The centaur zombie completely misses you.
You block Gastronok's attack. The centaur zombie barely misses you.
The centaur zombie completely misses you.
Aiming: Corrosive Bolt
Press: ? - help, Shift-Dir - straight line, f/p - Gastronok
Aim: Gastronok, wearing a +1 hat (heavily wounded, extremely poisoned, haloed, 100% to hit)
The bolt of acid hits Gastronok!
Gastronok is splashed with acid.
The acid corrodes Gastronok!
Gastronok is severely wounded.
You block the centaur zombie's attack. x3
The centaur zombie kicks you but does no damage.
You block Gastronok's attack.
You slash Gastronok!
Gastronok is severely wounded.
The centaur zombie barely misses you.
You riposte.
You hit the centaur zombie.
The centaur zombie is moderately damaged.
You block the centaur zombie's attack.
The centaur zombie hits you but does no damage.
You block the centaur zombie's attack. The centaur zombie hits you.
You block the centaur zombie's attack. Gastronok bites you!
* * * LOW HITPOINT WARNING * * *
You slash Gastronok!
Gastronok is almost dead.
Gastronok is no longer covered in acid.
You block the centaur zombie's attack. x4
Gastronok waves his eye-stalks in wide circles.
The air twists around and strikes you!!
You die...

..........#####.. #..
..........#####.. #..
..............#.# #...
..........###.#.# #.((.
#########.......#
#...(###### #.#.#...#
.....(....######.#.#....
......w.................
......Z@#+######........
..............##...#####
..............##....# #
..............'.....# #
.............)###...# #
#######.......# #......+
####.#### #..##.## ...#
#... .## ....# #.### #


You could see Gastronok (very poisoned) and a centaur zombie.

Vanquished Creatures
  Pikel (D:4)
  Grinder (D:3)
  A water moccasin (D:7)
  Duvessa (D:6)
  An orc warrior (D:7)
  An ice beast (D:6)
  A necrophage (D:7)
  A hornet zombie (D:7)
  A sky beast (D:6)
  4 ogres
  A centaur (D:6)
  A phantom (D:6)
  A lemure (D:4)
  2 bullfrogs (D:6)
  A gnoll sergeant (D:7)
  A wyvern zombie (D:5)
  A water moccasin zombie (D:5)
  Dowan (D:6)
  6 killer bees (D:6)
  4 howler monkeys
  A bullfrog zombie (D:6)
  2 bullfrog skeletons (D:5)
  A centaur zombie (D:5)
  5 hounds
  A jelly (D:5)
  An orc priest (D:6)
  Ijyb (D:5)
  2 iguanas (D:5)
  A hound skeleton (D:4)
  A howler monkey zombie (D:5)
  Robin (D:2)
  8 gnolls
  3 howler monkey skeletons
  6 adders
  2 white imps
  3 ufetubi
  4 worms
  3 dart slugs
  16 orcs
  7 endoplasms
  12 giant cockroaches
  13 goblins
  7 hobgoblins
  10 jackals
  5 quokkas
  8 ball pythons
  A bat (D:2)
  4 frilled lizards
  5 kobolds
  9 rats
175 creatures vanquished.

Vanquished Creatures (collateral kills)
  An adder (D:2)
  2 orcs (D:7)
  A quokka (D:2)
  A ball python (D:2)
5 creatures vanquished.

Vanquished Creatures (others)
  An orc (D:7)
  2 plants (D:5)
3 creatures vanquished.

Grand Total: 183 creatures vanquished

Notes
Turn   | Place    | Note
-------+----------+-------------------------------------------
     0 | D:1      | Cykl0x the Gargoyle Fighter began the quest for the Orb.
     0 | D:1      | Reached XP level 1. HP: 14/14 MP: 1/1
   188 | D:1      | Reached XP level 2. HP: 19/19 MP: 2/2
   362 | D:1      | Reached XP level 3. HP: 22/24 MP: 3/3
   504 | D:1      | Found a faded altar of an unknown god.
   647 | D:2      | Found a glowing silver altar of Zin.
   654 | D:2      | Became a worshipper of Zin the Law-Giver
   923 | D:2      | Reached skill level 1 in Throwing
  1098 | D:2      | Reached skill level 1 in Dodging
  1098 | D:2      | Reached XP level 4. HP: 28/29 MP: 4/4
  1193 | D:2      | Identified a scroll of acquirement
  1193 | D:2      | Acquired 404 gold pieces
  1194 | D:2      | Reached * piety under Zin
  1194 | D:2      | Reached ** piety under Zin
  1382 | D:2      | Noticed Robin
  1444 | D:2      | Killed Robin
  1665 | D:2      | Reached skill level 1 in Invocations
  1690 | D:2      | Reached XP level 5. HP: 28/33 MP: 5/5
  1739 | D:2      | Acquired a manual of Throwing
  1959 | D:3      | Noticed Grinder
  1986 | D:3      | Paralysed by Grinder for 6 turns
  1996 | D:3      | Paralysed by Grinder for 6 turns
  2010 | D:3      | Killed Grinder
  2011 | D:3      | Reached skill level 4 in Shields
  2011 | D:3      | Reached XP level 6. HP: 8/38 MP: 5/7
  2926 | D:4      | Found an opulent altar of Gozag.
  2951 | D:4      | Noticed Pikel
  2973 | D:4      | Killed Pikel
  2974 | D:4      | Reached skill level 5 in Shields
  2974 | D:4      | Reached XP level 7. HP: 21/44 MP: 7/9
  3461 | D:4      | Reached XP level 8. HP: 48/48 MP: 10/10
  3484 | D:4      | Reached skill level 5 in Fighting
  3651 | D:4      | Found a sacrificial altar of Ru.
  3900 | D:5      | Entered Level 5 of the Dungeon
  4195 | D:5      | Found a white marble altar of Elyvilon.
  4228 | D:5      | Found a bloodstained altar of Trog.
  4460 | D:5      | Reached *** piety under Zin
  4611 | D:5      | Noticed Ijyb
  4620 | D:5      | Killed Ijyb
  5328 | D:6      | Reached skill level 5 in Armour
  5328 | D:6      | Reached XP level 9. HP: 55/55 MP: 12/12
  5340 | D:6      | Found a burning altar of Makhleb.
  5439 | D:6      | Reached skill level 5 in Throwing
  5450 | D:6      | Reached **** piety under Zin
  5471 | D:6      | Found a broken altar of Ashenzari.
  5530 | D:6      | Reached skill level 6 in Shields
  5821 | D:6      | Reached ***** piety under Zin
  6009 | D:6      | Reached skill level 5 in Invocations
  6295 | D:6      | Noticed Duvessa
  6298 | D:6      | Noticed Dowan
  6310 | D:6      | Killed Duvessa
  6315 | D:6      | Killed Dowan
  6645 | D:7      | Reached skill level 5 in Long Blades
  6691 | D:7      | Reached skill level 7 in Shields
  7202 | D:7      | Found a staircase to the Ecumenical Temple.
  7238 | Temple   | Entered the Ecumenical Temple
  7269 | Temple   | Fell from the grace of Zin
  7269 | Temple   | Became a worshipper of the Shining One
  7269 | Temple   | Reached * piety under the Shining One
  7269 | Temple   | Reached ** piety under the Shining One
  7502 | D:7      | Reached XP level 10. HP: 45/61 MP: 14/14
  7670 | D:7      | Found a shimmering blue altar of Sif Muna.
  7841 | D:8      | Noticed Gastronok
  7860 | D:8      | Killed from afar by Gastronok

Illustrated notes

Levels and vault maps discovered:
D:1:      onia_arrival_pyramid, layout_basic, hellmonk_ecumenical_altar_run_dry
D:2:      minmay_roachtagon, layout_basic, basic_altar, uniq_robin
D:3:      layout_loops_ring, nrook_campfire, minmay_misc_feat_five,
          minivault_14, uniq_grinder
D:4:      layout_basic, lemuel_doored_altar, grunt_gozag_breadcrumbs, uniq_pikel
D:5:      wad_pebble_path, layout_cave_pools, trog_book,
          nicolae_elyvilon_temple_path, uniq_ijyb
D:6:      layout_loops_ring, mainiacjoe_overflow_six_doors_small,
          nicolae_ashenzari_skybound, kennysheep_small_circle, uniq_duvessa
D:7:      layout_basic, nicolae_overflow_hidden_temple,
          nicolae_sif_muna_little_library, temple_pool_b
D:8:      layout_basic, serial_glass, glass_columns_b, glass_columns_b,
          glass_columns_b, glass_columns_a, glass_columns_b, glass_columns_a,
          enter_bailey_3, uniq_gastronok
Temple:   eino_temple_lava

Skill      XL: |  1  2  3  4  5  6  7  8  9 |
---------------+----------------------------+-----
Long Blades    | 2 3 4 5 |  5.3
Throwing       | 1 2 3 4 5 |  5.4
Dodging        | 1 2 3 4 |  4.3
Invocations    | 1 2 3 4 5 |  5.6
Fighting       | 4 5 6 |  6.7
Shields        | 4 5 7 |  7.3
Armour         | 4 5 |  5.5

Action                   |  1- 3 |  4- 6 |  7- 9 | 10-12 || total
-------------------------+-------+-------+-------+-------++-------
Melee: Long sword        |    91 |   181 |   428 |    10 ||   710
Throw: Boomerang         |    44 |    52 |    20 |       ||   116
       Dart              |       |    11 |    77 |     7 ||    95
Invok: Recite            |       |     1 |       |       ||     1
       Vitalisation      |       |     1 |       |       ||     1
       Divine Shield     |       |       |       |     1 ||     1
Evoke: Wand              |       |       |     5 |     1 ||     6
  Use: Scroll            |     2 |    10 |     7 |       ||    19
       Potion            |       |     3 |     3 |     1 ||     7
Armor: Scale mail        |    29 |       |       |       ||    29
       Chain mail        |     8 |   129 |   271 |    15 ||   423
Dodge: Dodged            |    29 |    24 |    83 |     7 ||   143
Block: Kite shield       |    25 |       |       |       ||    25
       Tower shield      |    46 |   249 |   481 |    32 ||   808
       Rpst.: Long sword |     6 |    10 |    21 |     2 ||    39
